 Dungeon Crawl Stone Soup version 0.30.0 (webtiles) character file.

Game seed: 7230307533060438480

653 kylektr the Caller (level 7, -3/36 HPs)
             Began as a Deep Elf Summoner on July 14, 2023.
             Slain by a troll (5 damage)
             ... on level 5 of the Dungeon.
             The game lasted 00:16:04 (3175 turns).

kylektr the Caller (Deep Elf Summoner)              Turns: 3175, Time: 00:16:04

Health: -3/36      AC:  5    Str:  5    XL:     7   Next: 29%
Magic:  8/18       EV: 13    Int: 22    God:
Gold:   266        SH:  0    Dex: 15    Spells: 12/18 levels left

rFire   . . .        h - +2 short sword (vamp)
rCold   . . .        (no shield)
rNeg    . . .        a - +0 robe
rPois   .            c - +1 hat
rElec   .            w - +0 cloak
rCorr   .            (no gloves)
SInv    .            r - +0 pair of boots
Will    .....        p - amulet of the acrobat
Stlth   +++          (no ring)
HPRegen 0.26/turn    (no ring)
MPRegen 0.16/turn

%: acrobat
@: no status effects
A: no striking features
a: no special abilities


You were on level 5 of the Dungeon.
You visited 1 branch of the dungeon, and saw 5 of its levels.

You collected 266 gold pieces.

Inventory:

Hand Weapons
 h - a +2 vampiric short sword (weapon)
Armour
 a - a +0 robe (worn)
 c - a +1 hat (worn)
 r - a +0 pair of boots (worn)
 w - a +0 cloak (worn)
Jewellery
 p - an amulet of the acrobat (around neck)
Wands
 n - a wand of mindburst (14)
Scrolls
 d - 2 scrolls of fog
 l - a scroll of noise {unknown}
 o - 2 scrolls of teleportation {unknown}
 q - a scroll of fear {unknown}
 s - 3 scrolls of magic mapping {unknown}
 t - a scroll of immolation {unknown}
 v - a scroll of identify {unknown}
Potions
 b - a potion of magic
 e - a potion of resistance {unknown}
 f - 3 potions of flight {unknown}
 g - 3 potions of heal wounds {unknown}
 i - a potion of lignification {unknown}
 j - a potion of brilliance {unknown}
 k - a potion of curing {unknown}
 m - a potion of might {unknown}
 u - a potion of mutation {unknown}


   Skills:
 * Level 3.4 Short Blades
 + Level 3.8 Dodging
 + Level 4.1 Stealth
 * Level 6.2 Spellcasting
 * Level 6.5 Summonings


You had 12 spell levels left.
You knew the following spells:

 Your Spells              Type           Power      Damage    Failure   Level
a - Summon Small Mammal   Summ           100%       N/A       1%          1
b - Call Imp              Summ           70%        N/A       1%          2
c - Call Canine Familiar  Summ           35%        N/A       1%          3

Your spell library contained the following spells:

 Spells                   Type           Power      Damage    Failure   Level
 Summon Guardian Golem    Hex/Summ       21%        N/A       7%          3
 Kiss of Death            Conj/Necr      24%        2d7       9%          1
 Ensorcelled Hibernation  Hex/Ice        12%        N/A       14%         2
 Sublimation of Blood     Necr           6%         N/A       14%         2
 Wereblood                Tmut           6%         N/A       14%         2
 Summon Lightning Spire   Summ/Air       21%        N/A       24%         4
 Confusing Touch          Hex            6%         N/A       26%         3
 Spider Form              Tmut/Pois      6%         N/A       26%         3
 Summon Forest            Summ/Tloc      10%        N/A       54%         5
 Anguish                  Hex/Necr       3%         N/A       65%         4
 Dispel Undead            Necr           6%         3d8       65%         4
 Summon Hydra             Summ           17%        N/A       99%         7
 Eringya's Noxious Bog    Tmut/Pois      3%         N/A       100%        6


Dungeon Overview and Level Annotations

Branches:
Dungeon (5/15)
 Temple: D:4-7

Altars:


Message History

Your hound dies!
Your hound's corpse disappears in a puff of smoke!
Casting: Call Canine Familiar (safe; 1% risk of failure)
Confirm with . or Enter, or press ? or * to list all spells.
Your hound bites the troll.
Your hound bites the troll but does no damage.
The troll bites your hound!!
Your hound dies!
Your hound's corpse disappears in a puff of smoke!
Casting: Call Canine Familiar (safe; 1% risk of failure)
Confirm with . or Enter, or press ? or * to list all spells.
Your hound bites the troll.
Your hound closely misses the troll.
Your hound bites the troll.
Your hound barely misses the troll.
The troll attacks as you move away! The troll misses you. x2
The troll closely misses you.
Your hound bites the troll.
Casting: Call Canine Familiar (safe; 1% risk of failure)
Confirm with . or Enter, or press ? or * to list all spells.
A tiny devil pulls itself out of the air.
The troll bites you but does no damage. The troll claws you. x2
Your hound bites the troll but does no damage.
The troll attacks as you move away! The troll closely misses you.
The troll claws you! The troll claws you.
Your hound barely misses the troll.
Your cerulean imp hits the troll from afar with a -1 spear.
Casting: Call Imp (safe; 1% risk of failure)
Confirm with . or Enter, or press ? or * to list all spells.
The troll completely misses you. The troll claws you.
The troll closely misses you.
Your hound bites the troll but does no damage.
Your cerulean imp closely misses the troll.
The troll attacks as you move away! The troll bites you but does no damage.
The troll claws you!
* * * LOW HITPOINT WARNING * * *
The troll claws you.
* * * LOW HITPOINT WARNING * * *
Your hound completely misses the troll.
Casting: Summon Small Mammal (safe; 1% risk of failure)
Confirm with . or Enter, or press ? or * to list all spells.
The troll closely misses you. The troll claws you.
You die...

.......##.#.#.....
.#. ..# .......#.#
.#.#... .....# #
######..# ....>
#.#.##.# #.#.####..#
#......#
#.###.##.#.## #.# #.#
##......# #########.#
#.# ##...#.#
#......##.# ##
#.....†###h5....##.#
#.##....r@Tr.....##.#
#..
####.###.........#
... #.# #....#.####
#### ..# #.####.#
#### #......#
########


You could see a troll (ally target), a friendly hound (summoned), a friendly
cerulean imp (summoned) and 2 friendly quokkas.

Vanquished Creatures
  A sleepcap (D:3)
  An adder (D:4)
  3 dart slugs
  2 orcs (D:4)
  2 endoplasms (D:3)
  3 giant cockroaches
  4 hobgoblins (D:4)
  7 jackals
  A quokka (D:3)
  3 bats
  2 goblins
  2 rats (D:2)
31 creatures vanquished.

Vanquished Creatures (collateral kills)
  A shadow (D:5)
  A black bear (D:4)
  2 ogres (D:4)
  A hound (D:4)
  3 gnolls (D:3)
  2 adders
  A white imp (D:5)
  A worm (D:2)
  4 dart slugs
  8 orcs
  3 ball pythons
  6 endoplasms
  3 giant cockroaches
  2 goblins (D:2)
  3 hobgoblins
  8 jackals
  3 quokkas
  2 bats (D:2)
  A frilled lizard (D:2)
  4 kobolds
  A rat (D:3)
60 creatures vanquished.

Grand Total: 91 creatures vanquished

Notes
Turn   | Place    | Note
-------+----------+-------------------------------------------
     0 | D:1      | kylektr the Deep Elf Summoner began the quest for the Orb.
     0 | D:1      | Reached XP level 1. HP: 10/10 MP: 6/6
    82 | D:1      | Identified a scroll of acquirement
    82 | D:1      | Acquired a +1 hat
   150 | D:1      | You fall into a shaft and drop 1 floor!
   354 | D:2      | Reached XP level 2. HP: 15/15 MP: 5/8
   468 | D:2      | Learned a level 2 spell: Call Imp
   873 | D:2      | Reached XP level 3. HP: 19/19 MP: 10/10
   889 | D:2      | Learned a level 3 spell: Call Canine Familiar
   977 | D:2      | Reached skill level 5 in Summonings
  1208 | D:3      | Reached skill level 1 in Short Blades
  1208 | D:3      | Reached XP level 4. HP: 24/24 MP: 8/12
  1812 | D:3      | Reached XP level 5. HP: 28/28 MP: 13/13
  1977 | D:4      | Noticed a black bear
  2363 | D:4      | Noticed an ogre
  2374 | D:4      | Killed an ogre
  2375 | D:4      | Reached skill level 5 in Spellcasting
  2375 | D:4      | Reached XP level 6. HP: 32/32 MP: 13/15
  2833 | D:5      | Entered Level 5 of the Dungeon
  2833 | D:5      | Noticed a shadow
  2858 | D:5      | Killed a shadow
  2859 | D:5      | Reached XP level 7. HP: 36/36 MP: 10/18
  3153 | D:5      | Noticed a troll
  3174 | D:5      | HP: 1/36 [troll (5)]
  3175 | D:5      | Slain by a troll

Illustrated notes

Levels and vault maps discovered:
D:1:      dpeg_chamrin_arrival_tetris, layout_basic
D:2:      layout_basic
D:3:      layout_rooms, nrook_mini_vaults, reono_crystal_passage
D:4:      layout_basic, kennysheep_generic_room_4
D:5:      layout_loops_cross, hangedman_decor_diamond_cutter,
          serial_bayou_crossing

Skill      XL: |  1  2  3  4  5  6 |
---------------+-------------------+-----
Spellcasting   | 4 5 6 |  6.2
Summonings     | 5 6 |  6.5
Short Blades   | 1 2 3 |  3.4
Stealth        | 3 4 |  4.1
Dodging        | 3 |  3.8

Action                     |  1- 3 |  4- 6 |  7- 9 || total
---------------------------+-------+-------+-------++-------
  Melee: Unarmed           |     7 |       |       ||     7
         Short sword       |    34 |    93 |    14 ||   141
         Punch             |       |     1 |       ||     1
   Cast: Summon Small Mamm |    26 |    11 |     2 ||    39
         Call Imp          |     6 |    13 |     1 ||    20
         Call Canine Famil |     3 |    17 |     5 ||    25
    Use: Scroll            |     3 |       |       ||     3
   Stab: Sleeping          |       |     3 |       ||     3
 Armour: Robe              |    15 |    22 |     4 ||    41
  Dodge: Dodged            |    39 |    72 |    16 ||   127
